General information
- name: BNet
- type: Ladder team game (AT/RT)
- host: Battle.net
- saver: (O^_^)oo(^_-O)
map: Cherryville
- players: 8
- length: 23:34
- speed: Fast
- version: 1.28 W3XP
- replay type: Public
» download(150 KB)
Players
team 1 (winner)

»
xxwizardfacexx (
red | 69 APM | 1637 actions | 23:33)
5 Death Knight
3 Death Coil
2 Unholy Aura
4 Dreadlord
2 Sleep
2 Vampiric Aura
» actions
| Assign group hotkey | 33 | |
| Build / train | 63 | |
| Enter build submenu | 20 | |
| Enter hero's abilities submenu | 9 | |
| Give item / drop item | 3 | |
| Remove unit from queue | 2 | |
| Right click | 652 | |
| Select / deselect | 210 | |
| Select group hotkey | 599 | |
| Use ability | 46 | |
1637 total
» units
| Acolyte | 8 | |
| Ghoul | 4 | |
| Crypt Fiend | 9 | |
| Frost Wyrm | 3 | |
24 total
» upgrades
| Web | 1 | |
| Burrow | 1 | |
| Creature Attack | 3 | |
| Creature Carapace | 4 | |
| Freezing Breath | 1 | |
10 total
» buildings
| Ziggurat | 9 | |
| Altar of Darkness | 1 | |
| Crypt | 2 | |
| Graveyard | 1 | |
| Nerubian Tower | 2 | |
| Tomb of Relics | 2 | |
| Halls of the Dead | 1 | |
| Necropolis | 1 | |
| Spirit Tower | 4 | |
| Black Citadel | 1 | |
| Sacrificial Pit | 1 | |
| Boneyard | 2 | |
27 total
» build order
00:27 Ziggurat
00:30 Altar of Darkness
01:00 Crypt
01:29 Graveyard
01:36 Nerubian Tower
02:21 Ziggurat
02:48 Crypt
03:05 Tomb of Relics
03:17 Ziggurat
05:19 Halls of the Dead
06:49 Necropolis
06:56 Ziggurat
07:29 Ziggurat
07:32 Tomb of Relics
08:04 Nerubian Tower
08:23 Spirit Tower
09:15 Ziggurat
09:25 Black Citadel
10:10 Spirit Tower
10:30 Spirit Tower
10:37 Sacrificial Pit
11:05 Ziggurat
11:52 Boneyard
11:53 Boneyard
14:32 Spirit Tower
16:00 Ziggurat
16:02 Ziggurat
» items
| Rod of Necromancy | 1 | |
| Sacrificial Skull | 1 | |
| Scroll of Town Portal | 5 | |
| Orb of Fire | 1 | |
8 total
(O^_^)oo(^_-O) (
orange | 79 APM | 1859 actions | 23:34)
7 Blood Mage
3 Flame Strike
2 Siphon Mana
1 Summon Phoenix
1 Banish
» actions
| Assign group hotkey | 68 | |
| Basic commands | 45 | |
| Build / train | 97 | |
| Enter build submenu | 41 | |
| Enter hero's abilities submenu | 7 | |
| Give item / drop item | 6 | |
| Remove unit from queue | 5 | |
| Right click | 874 | |
| Select / deselect | 388 | |
| Select group hotkey | 180 | |
| Use ability | 148 | |
1859 total
» units
| Peasant | 18 | |
| Footman | 11 | |
| Goblin Shredder | 1 | |
| Sorceress | 10 | |
| Goblin Sapper | 4 | |
| Goblin Zeppelin | 1 | |
45 total
» upgrades
| Sorceress Training | 2 | |
| Magic Sentry | 1 | |
| Masonry | 3 | |
6 total
» buildings
| Altar of Kings | 1 | |
| Barracks | 1 | |
| Farm | 6 | |
| Scout Tower | 24 | |
| Arcane Tower | 1 | |
| Keep | 1 | |
| Arcane Vault | 1 | |
| Lumber Mill | 1 | |
| Town Hall | 2 | |
| Guard Tower | 4 | |
| Arcane Sanctum | 2 | |
| Castle | 1 | |
45 total
» build order
00:53 Altar of Kings
01:07 Barracks
01:10 Farm
01:11 Farm
01:22 Farm
01:22 Farm
02:25 Scout Tower
02:52 Arcane Tower
03:52 Keep
04:03 Arcane Vault
04:07 Lumber Mill
05:10 Town Hall
06:34 Scout Tower
06:36 Scout Tower
07:09 Guard Tower
08:13 Scout Tower
08:15 Scout Tower
08:16 Scout Tower
08:22 Arcane Sanctum
08:24 Arcane Sanctum
08:53 Guard Tower
09:02 Scout Tower
09:03 Scout Tower
09:03 Scout Tower
09:04 Scout Tower
09:07 Scout Tower
09:07 Scout Tower
09:47 Guard Tower
09:52 Scout Tower
09:54 Scout Tower
10:12 Farm
10:33 Guard Tower
10:35 Farm
11:21 Scout Tower
11:22 Scout Tower
11:22 Scout Tower
11:24 Scout Tower
11:41 Castle
12:03 Guard Tower
12:22 Scout Tower
12:23 Scout Tower
13:15 Guard Tower
15:16 Scout Tower
15:16 Scout Tower
15:17 Scout Tower
15:17 Scout Tower
16:02 Guard Tower
23:29 Town Hall
» items
| Scroll of Regeneration | 3 | |
| Potion of Invisibility | 4 | |
| Boots of Speed | 1 | |
| Staff of Teleportation | 1 | |
| Periapt of Vitality | 2 | |
| Lesser Clarity Potion | 3 | |
| Potion of Lesser Invulnerability | 1 | |
| Potion of Mana | 3 | |
| Scroll of Town Portal | 3 | |
| Potion of Healing | 4 | |
25 total
orcarmy (
blue | 28 APM | 653 actions | 23:33)
6 Mountain King
2 Thunder Clap
1 Storm Bolt
2 Bash
1 Avatar
1 Paladin
1 Devotion Aura
» actions
| Build / train | 65 | |
| Enter build submenu | 27 | |
| Enter hero's abilities submenu | 7 | |
| Give item / drop item | 1 | |
| Remove unit from queue | 1 | |
| Right click | 280 | |
| Select / deselect | 222 | |
| Use ability | 50 | |
653 total
» units
| Peasant | 8 | |
| Knight | 12 | |
| Siege Engine | 5 | |
25 total
» upgrades
| Lumber Harvesting | 2 | |
| Masonry | 1 | |
| Swords | 3 | |
| Plating | 3 | |
| Gunpowder | 2 | |
| Barrage | 1 | |
| Animal War Training | 1 | |
| Armor | 0 | |
13 total
» buildings
| Lumber Mill | 1 | |
| Farm | 9 | |
| Keep | 1 | |
| Altar of Kings | 1 | |
| Blacksmith | 1 | |
| Scout Tower | 4 | |
| Guard Tower | 4 | |
| Arcane Vault | 1 | |
| Castle | 1 | |
| Barracks | 2 | |
| Workshop | 1 | |
| Town Hall | 6 | |
32 total
» build order
00:18 Lumber Mill
00:42 Farm
01:19 Farm
01:52 Keep
02:04 Altar of Kings
02:29 Blacksmith
02:56 Scout Tower
03:07 Scout Tower
03:14 Scout Tower
03:32 Guard Tower
03:43 Guard Tower
03:52 Arcane Vault
03:55 Guard Tower
04:01 Scout Tower
04:10 Farm
04:58 Castle
05:19 Barracks
05:36 Barracks
06:35 Guard Tower
06:41 Farm
06:52 Farm
07:34 Farm
08:20 Workshop
09:13 Farm
10:20 Town Hall
17:03 Farm
20:31 Farm
20:56 Town Hall
21:13 Town Hall
21:18 Town Hall
21:48 Town Hall
23:33 Town Hall
» items
| Orb of Fire | 1 | |
| Potion of Healing | 3 | |
| Scroll of Regeneration | 3 | |
| Staff of Teleportation | 1 | |
| Scroll of Protection | 1 | |
| Scroll of Town Portal | 2 | |
11 total
istillownavcr (
pink | 30 APM | 706 actions | 23:33)
6 Tauren Chieftain
3 Endurance Aura
2 War Stomp
1 Reincarnation
4 Shadow Hunter
2 Healing Wave
2 Serpent Ward
» actions
| Build / train | 82 | |
| Enter build submenu | 31 | |
| Enter hero's abilities submenu | 10 | |
| Give item / drop item | 3 | |
| Remove unit from queue | 9 | |
| Right click | 242 | |
| Select / deselect | 255 | |
| Use ability | 74 | |
706 total
» units
| Peon | 16 | |
| Troll Headhunter/Berserker | 16 | |
| Shaman | 2 | |
| Troll Witch Doctor | 5 | |
39 total
» upgrades
| Ranged Weapons | 3 | |
| Armor | 3 | |
| Spiked Barricades | 2 | |
| Shaman Training | 2 | |
| Witch Doctor Training | 2 | |
| Troll Regeneration | 1 | |
| Berserker Upgrade | 1 | |
| Reinforced Defenses | 1 | |
15 total
» buildings
| Altar of Storms | 1 | |
| War Mill | 1 | |
| Orc Burrow | 8 | |
| Voodoo Lounge | 2 | |
| Barracks | 2 | |
| Watch Tower | 11 | |
| Stronghold | 1 | |
| Spirit Lodge | 2 | |
| Great Hall | 2 | |
| Fortress | 1 | |
31 total
» build order
00:22 Altar of Storms
00:26 War Mill
00:34 Orc Burrow
01:13 Voodoo Lounge
01:48 Barracks
02:03 Orc Burrow
03:17 Orc Burrow
04:24 Watch Tower
05:05 Stronghold
05:37 Watch Tower
05:59 Orc Burrow
07:24 Watch Tower
07:27 Watch Tower
07:38 Spirit Lodge
07:41 Spirit Lodge
08:50 Great Hall
08:53 Watch Tower
08:58 Fortress
09:19 Great Hall
09:25 Watch Tower
10:33 Watch Tower
11:14 Watch Tower
12:07 Watch Tower
12:58 Watch Tower
13:52 Voodoo Lounge
14:07 Barracks
14:12 Orc Burrow
15:02 Orc Burrow
17:58 Watch Tower
19:04 Orc Burrow
20:45 Orc Burrow
» items
| Healing Salve | 2 | |
| Scroll of Town Portal | 2 | |
| Orb of Lightning | 1 | |
5 total
team 2 (loser)
MajorNewbs (
purple | 40 APM | 693 actions | 17:31)
4 Blademaster
2 Wind Walk
2 Critical Strike
» actions
| Basic commands | 23 | |
| Build / train | 57 | |
| Enter build submenu | 23 | |
| Enter hero's abilities submenu | 4 | |
| Give item / drop item | 3 | |
| Remove unit from queue | 1 | |
| Right click | 270 | |
| Select / deselect | 255 | |
| Use ability | 57 | |
693 total
» units
» upgrades
| Melee Weapons | 3 | |
| Armor | 3 | |
| Shaman Training | 2 | |
| Ensnare | 1 | |
| Pillage | 1 | |
| Reinforced Defenses | 1 | |
| Spiked Barricades | 2 | |
13 total
» buildings
| War Mill | 1 | |
| Orc Burrow | 6 | |
| Altar of Storms | 1 | |
| Voodoo Lounge | 1 | |
| Watch Tower | 6 | |
| Stronghold | 1 | |
| Fortress | 1 | |
| Spirit Lodge | 1 | |
| Beastiary | 3 | |
21 total
» build order
00:27 War Mill
00:43 Orc Burrow
01:14 Altar of Storms
01:40 Orc Burrow
02:23 Voodoo Lounge
02:36 Watch Tower
03:10 Stronghold
03:43 Orc Burrow
04:41 Orc Burrow
05:32 Fortress
05:35 Spirit Lodge
06:57 Beastiary
06:58 Beastiary
11:09 Watch Tower
11:13 Watch Tower
12:22 Watch Tower
12:27 Watch Tower
13:01 Orc Burrow
13:03 Orc Burrow
13:56 Watch Tower
14:24 Beastiary
» items
| Healing Salve | 2 | |
| Circlet of Nobility | 2 | |
| Boots of Speed | 1 | |
| Lesser Clarity Potion | 1 | |
| Orb of Lightning | 1 | |
| Scroll of Healing | 1 | |
8 total

»
Nuggot (
teal | 56 APM | 992 actions | 17:37)
4 Death Knight
2 Death Coil
2 Unholy Aura
» actions
| Build / train | 69 | |
| Enter build submenu | 17 | |
| Enter hero's abilities submenu | 4 | |
| Give item / drop item | 4 | |
| Right click | 641 | |
| Select / deselect | 227 | |
| Use ability | 30 | |
992 total
» units
| Acolyte | 39 | |
| Ghoul | 3 | |
| Crypt Fiend | 7 | |
49 total
» upgrades
| Creature Attack | 2 | |
| Creature Carapace | 2 | |
4 total
» buildings
| Graveyard | 1 | |
| Ziggurat | 6 | |
| Altar of Darkness | 1 | |
| Crypt | 1 | |
| Tomb of Relics | 1 | |
| Necropolis | 1 | |
| Nerubian Tower | 1 | |
| Halls of the Dead | 3 | |
| Spirit Tower | 2 | |
| Sacrificial Pit | 1 | |
18 total
» build order
00:17 Graveyard
00:26 Ziggurat
00:32 Ziggurat
00:46 Altar of Darkness
00:58 Crypt
01:26 Ziggurat
02:17 Tomb of Relics
04:22 Ziggurat
05:52 Necropolis
06:03 Nerubian Tower
06:18 Halls of the Dead
06:18 Halls of the Dead
08:34 Ziggurat
08:36 Ziggurat
09:46 Spirit Tower
10:48 Spirit Tower
16:21 Sacrificial Pit
» items
| Rod of Necromancy | 1 | |
| Potion of Healing | 3 | |
| Dust of Appearance | 1 | |
5 total

»
INeedAJOB (
yellow | 46 APM | 816 actions | 17:44)
3 Blademaster
2 Wind Walk
1 Critical Strike
» actions
| Assign group hotkey | 16 | |
| Build / train | 58 | |
| Enter build submenu | 14 | |
| Enter hero's abilities submenu | 3 | |
| Remove unit from queue | 4 | |
| Right click | 360 | |
| Select / deselect | 204 | |
| Select group hotkey | 90 | |
| Use ability | 67 | |
816 total
» units
| Peon | 10 | |
| Goblin Shredder | 1 | |
| Raider | 12 | |
| Kodo Beast | 1 | |
| Wind Rider | 1 | |
25 total
» upgrades
| Ranged Weapons | 1 | |
| Armor | 1 | |
| Melee Weapons | 2 | |
| Ensnare | 1 | |
| War Drums Damage Increase | 1 | |
| Reinforced Defenses | 1 | |
7 total
» buildings
| Altar of Storms | 1 | |
| Orc Burrow | 4 | |
| Voodoo Lounge | 1 | |
| War Mill | 1 | |
| Stronghold | 1 | |
| Fortress | 1 | |
| Beastiary | 4 | |
13 total
» build order
00:27 Altar of Storms
00:31 Orc Burrow
01:29 Voodoo Lounge
01:32 Orc Burrow
02:12 War Mill
02:57 Stronghold
03:46 Orc Burrow
05:27 Fortress
06:37 Beastiary
06:39 Beastiary
06:43 Beastiary
07:52 Beastiary
08:11 Orc Burrow
» items
| Healing Salve | 4 | |
| Lesser Clarity Potion | 8 | |
| Tiny Great Hall | 2 | |
| Orb of Lightning | 1 | |
| Scroll of Town Portal | 1 | |
16 total
DWR (
green | 65 APM | 1542 actions | 23:33)
3 Death Knight
2 Death Coil
1 Unholy Aura
1 Lich
1 Frost Nova
» actions
| Assign group hotkey | 60 | |
| Basic commands | 15 | |
| Build / train | 64 | |
| Enter build submenu | 19 | |
| Enter hero's abilities submenu | 4 | |
| Give item / drop item | 1 | |
| Right click | 640 | |
| Select / deselect | 333 | |
| Select group hotkey | 339 | |
| Use ability | 67 | |
1542 total
» units
| Acolyte | 15 | |
| Ghoul | 4 | |
| Crypt Fiend | 6 | |
| Frost Wyrm | 1 | |
26 total
» upgrades
| Creature Attack | 3 | |
| Creature Carapace | 2 | |
| Burrow | 1 | |
| Web | 1 | |
| Ghoul Frenzy | 1 | |
8 total
» buildings
| Graveyard | 1 | |
| Crypt | 2 | |
| Altar of Darkness | 1 | |
| Ziggurat | 8 | |
| Tomb of Relics | 2 | |
| Nerubian Tower | 3 | |
| Halls of the Dead | 3 | |
| Spirit Tower | 6 | |
| Necropolis | 1 | |
| Black Citadel | 1 | |
| Sacrificial Pit | 1 | |
| Boneyard | 2 | |
31 total
» build order
00:14 Graveyard
00:19 Crypt
00:45 Altar of Darkness
01:00 Ziggurat
01:23 Tomb of Relics
02:03 Ziggurat
02:56 Nerubian Tower
04:24 Ziggurat
05:21 Nerubian Tower
05:22 Nerubian Tower
06:11 Halls of the Dead
06:12 Halls of the Dead
06:12 Halls of the Dead
06:18 Ziggurat
07:33 Spirit Tower
07:35 Necropolis
07:41 Ziggurat
07:41 Spirit Tower
07:53 Ziggurat
08:06 Ziggurat
08:12 Tomb of Relics
08:25 Crypt
08:36 Black Citadel
09:05 Ziggurat
10:18 Spirit Tower
10:19 Spirit Tower
10:28 Spirit Tower
10:56 Spirit Tower
11:21 Sacrificial Pit
12:17 Boneyard
12:17 Boneyard
» items
| Rod of Necromancy | 2 | |
| Sacrificial Skull | 1 | |
| Scroll of Town Portal | 1 | |
| Healing Salve | 1 | |
| Orb of Corruption | 1 | |
6 total
Chat log
(00:56 / All) INeedAJOB: whats ir time on clock?
(00:59 / All) INeedAJOB: what is
(01:08 / All) xxwizardfacexx: 955
(01:23 / All) INeedAJOB: pm?
(01:25 / All) INeedAJOB: usa?
(01:32 / All) xxwizardfacexx: yes both
(01:49 / All) INeedAJOB: Brazil: 1:55am i need sleep
(02:00 / All) Nuggot: fuck yes u do
(04:52 / Allies) (O^_^)oo(^_-O): sigh
(05:08 / Allies) istillownavcr: ??
(06:22 / Allies) (O^_^)oo(^_-O): me or purp?
(06:37 / Allies) xxwizardfacexx: that was you second time
(07:36 / Allies) xxwizardfacexx: pink blue expo
(07:44 / Allies) orcarmy: k
(07:51 / Allies) orcarmy: i got knights
(09:09 / Allies) istillownavcr: wood plz
(09:21 / Allies) istillownavcr: ty
(10:07 / Allies) xxwizardfacexx: TY
(13:51 / All) xxwizardfacexx: shade broski
(13:53 / All) xxwizardfacexx: die
(15:11 / Allies) xxwizardfacexx: woops unnecessary tp
(15:15 / Allies) istillownavcr: we need to attack soon
(15:47 / Allies) xxwizardfacexx: blue meet
(16:06 / Allies) istillownavcr: omw
(17:14 / All) MajorNewbs: gg, these newbs are dumb and green has 4500 gold
(17:18 / All) MajorNewbs: three chimps on My team
(17:29 / All) (O^_^)oo(^_-O): lol
(18:38 / All) (O^_^)oo(^_-O): purp do you maphack?
(18:49 / All) (O^_^)oo(^_-O): if you do that's sad lol!
(18:56 / All) (O^_^)oo(^_-O): ah
(19:02 / All) (O^_^)oo(^_-O): only scrub green let
(19:03 / All) (O^_^)oo(^_-O): left
(19:47 / All) (O^_^)oo(^_-O): leave you sore loser